 Dungeon Crawl Stone Soup version 0.26.1-2-gb8aa6d0cf2 (webtiles) character file.

Game seed: 6815691339805455551

196 funkygono the Bolt Thrower (level 5, -7/69 HPs)
             Began as a Minotaur Hunter on Mar 13, 2021.
             Was an Initiate of Okawaru.
             Mangled by an orc warrior
             ... wielding a +0 war axe
              (19 damage)
             ... on level 4 of the Dungeon.
             The game lasted 00:07:00 (3455 turns).

funkygono the Bolt Thrower (Minotaur Hunter)        Turns: 3455, Time: 00:07:00

Health: -7/69      AC:  8    Str: 17    XL:     5   Next: 45%
Magic:  4/4        EV: 11    Int:  8    God:    Okawaru [......]
Gold:   142        SH:  0    Dex: 11    Spells: 4/4 levels left

rFire    . . .     SeeInvis .   a - +0 flail
rCold    . . .     Faith    .   (no shield)
rNeg     . . .     Spirit   .   m - +0 ring mail
rPois    .         Reflect  .   (helmet restricted)
rElec    .         Harm     .   p - +0 cloak
rCorr    +         Rampage  .   l - +1 pair of gloves
Will     .....                  (no boots)
Stlth    ..........             (no amulet)
HPRegen  0.21/turn              u - ring of resist corrosion
MPRegen  0.09/turn              (no ring)

@: berserking, very quick
A: retaliatory headbutt, horns 2
a: Renounce Religion


You were on level 4 of the Dungeon.
You worshipped Okawaru.
Okawaru was noncommittal.
You visited 1 branch of the dungeon, and saw 4 of its levels.

You collected 142 gold pieces.

Inventory:

Hand Weapons
 a - a +0 flail (weapon)
 b - a +1 hand crossbow
Missiles
 d - 8 bolts
Armour
 l - a +1 pair of gloves (worn)
 m - a +0 ring mail (worn)
 p - a +0 cloak (worn)
Jewellery
 u - a ring of resist corrosion (left hand)
Wands
 h - a wand of flame (4)
 r - a wand of random effects (19)
Scrolls
 g - 2 scrolls of blinking
 o - a scroll of identify
 s - a scroll of amnesia
 t - 4 scrolls of teleportation
Potions
 c - a potion of invisibility {unknown}
 e - a potion of heal wounds
 f - 2 potions of haste
 i - a potion of brilliance
 k - a potion of ambrosia
 n - a potion of flight
 q - a potion of lignification


   Skills:
 * Level 3.8 Fighting
 + Level 0.1 Short Blades
 * Level 1.0 Maces & Flails
 * Level 6.0 Crossbows
 * Level 2.6 Armour
 + Level 2.2 Dodging
 + Level 1.0 Stealth


You had 4 spell levels left.
You didn't know any spells.
Your spell library contained the following spells:

 Spells                   Type           Power        Failure   Level
 Confusing Touch          Hex            0%           93%         3
 Gell's Gravitas          Tloc           0%           93%         3
 Petrify                  Tmut/Erth      0%           100%        4
 Metabolic Englaciation   Hex/Ice        0%           100%        5
 Yara's Violent Unravell  Hex/Tmut       0%           100%        5


Dungeon Overview and Level Annotations

Branches:
Dungeon (4/15)
 Temple: D:4-7

Altars:
Ashenzari
Cheibriados
Okawaru
Ru
Trog
Uskayaw
Vehumet
Zin
The Shining One

Shops:
D:4 [


Innate Abilities, Weirdness & Mutations

You reflexively headbutt those who attack you in melee.
You have a pair of horns on your head.


Message History

You closely miss the orc warrior.
You headbutt the orc warrior, but do no damage.
The orc warrior is lightly wounded.
The orc warrior barely misses you.
You feel much better.
The orc warrior hits you with a +0 war axe!!
Ouch! That really hurt!
* * * LOW HITPOINT WARNING * * *
A red film seems to cover your vision as you go berserk!
You feel yourself moving faster!
You feel mighty!
The orc warrior hits you with a +0 war axe!
* * * LOW HITPOINT WARNING * * *
The orc priest begins to cast a cantrip, but forgets the words!
You hit the orc warrior.
The orc warrior is lightly wounded.
The orc warrior closely misses you.
You barely miss the orc warrior.
The orc warrior is lightly wounded.
The orc warrior hits you with a +0 war axe!!
You die...

# #.# ###. ..#
.......# #...#.#
#.##.######
##.##..........
..oo([†oo# ##.##.)#o#
#.##.##@# ##########
#.......# #........#
####.#### #.######.#
#.### #.# #.#
#.#.#######.#### #.#
#..............# #.#
##.#.#######.##.###.#
############....#
#........#
#...............#
#........#


You could see an orc warrior, an orc priest and an orc.

Vanquished Creatures
  Natasha (thrice) (D:2)
  3 adders
  A gnoll (D:1)
  A shadow imp (D:2)
  2 oozes
  A worm (D:2)
  A dart slug (D:1)
  A leopard gecko (D:2)
  3 orcs (D:4)
  2 giant cockroaches
  13 goblins
  3 hobgoblins (D:1)
  8 jackals
  6 kobolds
  2 ball pythons
  6 bats
  3 frilled lizards
  4 rats
63 creatures vanquished.

Notes
Turn   | Place    | Note
-------+----------+-------------------------------------------
     0 | D:1      | funkygono the Minotaur Hunter began the quest for the Orb.
     0 | D:1      | Reached XP level 1. HP: 18/18 MP: 0/0
    65 | D:1      | Reached XP level 2. HP: 25/25 MP: 1/1
    72 | D:1      | Reached skill level 5 in Crossbows
   183 | D:1      | Reached XP level 3. HP: 29/30 MP: 2/2
  1478 | D:2      | Reached skill level 1 in Armour
  1478 | D:2      | Reached XP level 4. HP: 38/38 MP: 3/3
  1545 | D:2      | Noticed Natasha
  1546 | D:2      | Killed Natasha
  1611 | D:2      | Found a glowing golden altar of the Shining One.
  1652 | D:2      | Noticed Natasha
  1656 | D:2      | Killed Natasha
  1683 | D:2      | Noticed Natasha
  1685 | D:2      | Killed Natasha
  1686 | D:2      | Reached skill level 6 in Crossbows
  1686 | D:2      | Reached XP level 5. HP: 30/46 MP: 4/4
  2019 | D:2      | Found a faded altar of an unknown god.
  2019 | D:2      | Found a glowing silver altar of Zin.
  2027 | D:2      | Found a bloodstained altar of Trog.
  2029 | D:2      | Found a snail-covered altar of Cheibriados.
  2031 | D:2      | Found a sacrificial altar of Ru.
  2214 | D:3      | Reached skill level 1 in Stealth
  2391 | D:3      | Found a hide-covered altar of Uskayaw.
  2394 | D:3      | Found a radiant altar of Vehumet.
  2408 | D:3      | Found an iron altar of Okawaru.
  2416 | D:3      | Became a worshipper of Warmaster Okawaru
  2428 | D:3      | Found a broken altar of Ashenzari.
  3098 | D:4      | Found Gogeys's Antique Armour Shop.
  3440 | D:4      | Noticed an orc warrior
  3446 | D:4      | Reached skill level 1 in Maces & Flails
  3455 | D:4      | Mangled by an orc warrior

Illustrated notes

Levels and vault maps discovered:
D:1:      minmay_arrival_jagged, layout_basic
D:2:      layout_rooms, tso_altar, chequers_temple_overflow_minitemple,
          minmay_misc_feat_ornament, uniq_natasha
D:3:      layout_basic, grunt_temple_overflow_cloverleaf
D:4:      layout_loops_corners, minmay_temple_entry_from_below_a, serial_shops,
          shop

Skill      XL: |  1  2  3  4  5 |
---------------+----------------+-----
Crossbows      | 5 6 |  6.0
Fighting       | 3 |  3.8
Armour         | 1 2 |  2.6
Stealth        | 1 |  1.0
Maces & Flails | 1 |  1.0
Short Blades   | |  0.1
Dodging        | |  2.2

Action                   |  1- 3 |  4- 6 || total
-------------------------+-------+-------++-------
Melee: Short sword       |     8 |       ||     8
       Club              |    17 |     2 ||    19
       Headbutt          |     4 |     6 ||    10
       Flail             |       |    52 ||    52
 Fire: Hand crossbow     |    56 |    34 ||    90
Evoke: Wand              |       |     7 ||     7
  Use: Scroll            |     5 |     9 ||    14
       Potion            |       |     2 ||     2
Armor: Leather armour    |    12 |       ||    12
       Ring mail         |       |    37 ||    37
Dodge: Dodged            |    21 |    55 ||    76
